 Dungeon Crawl Stone Soup version 0.29-a0-529-gfa20dd96a1 (webtiles) character file.

Game seed: 7036257619538732028

69 zeratav the Chopper (level 4, -3/42 HPs)
             Began as a Naga Fighter on June 1, 2022.
             Slain by Grinder (6 damage)
             ... on level 3 of the Dungeon.
             The game lasted 00:02:12 (2477 turns).

zeratav the Chopper (Naga Fighter)                  Turns: 2477, Time: 00:02:13

Health: -3/42      AC:  6    Str: 20    XL:     4   Next: 20%
Magic:  4/4        EV:  7    Int:  8    God:
Gold:   67         SH:  4    Dex: 11    Spells: 3/3 levels left

rFire   . . .      SeeInvis +   a - +0 war axe {axe}
rCold   . . .      Faith    .   c - +0 buckler
rNeg    . . .      Spirit   .   b - +0 scale mail
rPois   +          Reflect  .   (no helmet)
rElec   .          Harm     .   p - +0 cloak
rCorr   .          Rampage  .   (no gloves)
Will    .....                   (no barding)
Stlth   ..........              (no amulet)
HPRegen 0.14/turn               (no ring)
MPRegen 0.09/turn               (no ring)

@: very slow
A: AC +1, large, see invisible, deformed body, poison resistance, slowness 2,
spit poison 1, naga tail 1
a: Spit Poison


You were on level 3 of the Dungeon.
You visited 1 branch of the dungeon, and saw 4 of its levels.

You collected 67 gold pieces.


Innate Abilities, Weirdness & Mutations

Your serpentine skin is tough. (AC +1)
You have supernaturally acute eyesight. (SInv)
Armour fits poorly on your strangely shaped body.
Your system is resistant to poisons. (rPois)
You cover ground very slowly.
You can spit poison.
You have a snake-like lower body.


   Skills:
 - Level 3.0 Fighting
 + Level 4.3 Axes
 - Level 2.4 Armour
 - Level 2.6 Shields


You had 3 spell levels left.
You didn't know any spells.
Your spell library contained the following spells:

 Spells                   Type           Power      Damage    Failure   Level
 Summon Lightning Spire   Summ/Air       0%         N/A       100%        4
 Storm Form               Tmut/Air       0%         N/A       100%        7
 Maxwell's Capacitive Co  Air            0%         ∞         100%        8

Inventory:

Hand Weapons
 a - a +0 war axe (weapon) {axe}
 n - a +0 vampiric whip {mace}
   (You found it on level 4 of the Dungeon)
Armour
 b - a +0 scale mail (worn)
 c - a +0 buckler (worn)
 j - a +0 robe
   (You found it on level 2 of the Dungeon)
 p - a +0 cloak (worn)
   (You found it on level 3 of the Dungeon)
Wands
 k - a wand of iceblast (6)
   (You found it on level 2 of the Dungeon)
Scrolls
 e - a scroll of torment {unknown}
 g - a scroll of identify {unknown}
 i - 2 scrolls of teleportation {unknown}
Potions
 d - 2 potions of might
 f - a potion of brilliance {unknown}
 h - 2 potions of heal wounds {unknown}
 l - 2 potions of curing {unknown}

Dungeon Overview and Level Annotations

Branches:
Dungeon (4/15)
 Temple: D:4-7

Altars:

Annotations:
D:3 Grinder

#.........
###############.........
#.......##....#.........
#####.#.......#.........
#####+#....#..#.........
..........>...#.........
.............##.........
.............##.........
.............@5.##[#....
.............#### + .
.........>.....#
#......#...###.#
#......#.<.# .#
#..........# #
#####....### #....#
######


You could see Grinder.


Message History

You kill the adder!
You barely miss the adder.
You feel very sick. The adder closely misses you.
The adder bites you but does no damage.
You have reached level 4!
You feel agile.
HP[+2] MP[+1]
You now have 42 max hp (+8).
You regained 2 hp, and now have 32/42 hp.
Your mp is fully restored (4).
You hit the adder.
You feel sick. The adder bites you but does no damage.
HP[-1]
You take 1 damage, and now have 31/42 hp.
You slash the adder!
You kill the adder!
You feel sick.
HP[-2]
You take 2 damage, and now have 29/42 hp.
You feel sick.
You see here an adder corpse.
HP[-2]
You take 2 damage, and now have 27/42 hp.
You start resting.
You feel sick. x3
You are no longer poisoned.
HP[-3]
You take 3 damage, and now have 24/42 hp.
You start resting.
HP[+18]
Your hp is fully restored (42).
You start waiting.
Done waiting.
You start waiting.
A ball python is nearby!
The ball python hisses angrily.
You barely miss the ball python. You block the ball python's attack.
You hit the ball python but do no damage.
The ball python bites you but does no damage. x2
You closely miss the ball python. You block the ball python's attack.
You closely miss the ball python. The ball python barely misses you.
The ball python bites you but does no damage.
You hit the ball python.
You kill the ball python!
You see here a ball python corpse.
l - 2 clear potions (gained 1)
Found a stone staircase leading down.
You see here 14 stones {throwing}.
There is a stone staircase leading down here.
There is a stone staircase leading down here.
Done exploring.
Done exploring.
(D) Dungeon
Where to? (Enter - D:3, ? - help)
There is a stone staircase leading down here.
Things that are here:
a +0 ring mail; a +0 ring mail; a +0 ring mail You climb downwards.
There is a stone staircase leading up here.
There is a stone staircase leading down here.
A bat comes into view.
The bat hits you but does no damage.
You closely miss the bat. The bat hits you but does no damage. x2
The bat hits you but does no damage.
Grinder comes into view.
The bat barely misses you.
Grinder moves out of view.
The bat hits you but does no damage. The bat hits you but does no damage. x2
The bat hits you but does no damage. x2
You miss the bat. The bat hits you but does no damage. x2
You hit the bat.
You kill the bat!
Grinder gestures at you.
You suddenly lose the ability to move!
Grinder gestures at you. Pain shoots through your body!
Grinder says, "You look like you could use a good racking."
Grinder hits you.
You writhe in agony.
* * * LOW HITPOINT WARNING * * *
You can move again.
HP[-21]
You take 21 damage, and now have 21/42 hp.
MASSIVE DAMAGE!! (PAUSE)
You hit Grinder. Grinder hits you.
* * * LOW HITPOINT WARNING * * *
You writhe in agony.
* * * LOW HITPOINT WARNING * * *
HP[-7]
You take 7 damage, and now have 14/42 hp.
You slash Grinder! Grinder hits you but does no damage.
HP[+1]
You slash Grinder! You block Grinder's attack. Grinder hits you.
* * * LOW HITPOINT WARNING * * *
You writhe in agony.
* * * LOW HITPOINT WARNING * * *
HP[-7]
You take 7 damage, and now have 8/42 hp.
You closely miss Grinder. Grinder closely misses you.
You closely miss Grinder. Grinder hits you.
* * * LOW HITPOINT WARNING * * *
You writhe in agony.
You die...

Skill      XL: |  1  2  3 |
---------------+----------+-----
Axes           | 3 4 |  4.3
Fighting       | |  3.0
Armour         | |  2.4
Shields        | |  2.6

Action                   |  1- 3 |  4- 6 || total
-------------------------+-------+-------++-------
Melee: War axe           |    78 |    15 ||    93
Armor: Scale mail        |    43 |    16 ||    59
Dodge: Dodged            |    33 |     3 ||    36
Block: Buckler           |    18 |     3 ||    21

Levels and vault maps discovered:
D:1:      dpeg_arrival_rooms_b, layout_loops_ring,
          dilly_ecumenical_altar_fadedgnrine, minmay_misc_feat_columns,
          hangedman_abyss_or_decor_stabs, minmay_strange_pillars,
          dk_noncrumbling_3
D:2:      layout_basic, dk_noncrumbling_4
D:3:      layout_basic, nrook_mini_backslash, uniq_sigmund, uniq_grinder
D:4:      layout_cave_pods, serial_shops, nicolae_shop_waterfront

Notes
Turn   | Place    | Note
-------+----------+-------------------------------------------
     0 | D:1      | zeratav the Naga Fighter began the quest for the Orb.
     0 | D:1      | Reached XP level 1. HP: 21/21 MP: 1/1
     0 | D:1      | magus.rc [v1.9.6]
   220 | D:1      | Reached XP level 2. HP: 27/28 MP: 2/2
   372 | D:1      | Reached skill level 3 in Axes
   574 | D:1      | Reached XP level 3. HP: 32/34 MP: 3/3
   969 | D:1      | Found a faded altar of an unknown god.
  1380 | D:2      | You pick up a book of the Sky and begin reading...
  1380 | D:2      | You add the spells Summon Lightning Spire, Storm Form and
                  | Maxwell's Capacitive Coupling to your library.
  1417 | D:2      | You fall into a shaft and drop 2 floors!
  1475 | D:3      | HP: 8/34 [adder (2)]
  1478 | D:3      | Reached skill level 4 in Axes
  1809 | D:2      | Reached XP level 4. HP: 32/42 MP: 4/4
  2463 | D:3      | Noticed Grinder
  2468 | D:3      | Paralysed by Grinder for 5 turns
  2475 | D:3      | HP: 8/42 [Grinder (4)]
  2477 | D:3      | HP: 3/42 [Grinder (5)]
  2477 | D:3      | Slain by Grinder

Vanquished Creatures
  3 adders
  4 dart slugs (D:1)
  4 ball pythons
  7 bats
  2 goblins
  5 hobgoblins
  2 quokkas (D:1)
  2 frilled lizards
  A kobold (D:1)
  3 rats
33 creatures vanquished.

Table legend:
 A = Non-vault XP
 B = Vault XP
 C = Vault XP percentage of total XP
 D = Non-vault monster count
 E = Vault monster count
 F = Vault count percentage of total count
                 A         B        C        D         E       F
            +---------+---------+-------+---------+---------+-------
      Total |      99 |       0 |   0.0 |      33 |       0 |   0.0
            +---------+---------+-------+---------+---------+-------
        D:1 |      40 |       0 |   0.0 |      19 |       0 |   0.0
        D:2 |      41 |       0 |   0.0 |      10 |       0 |   0.0
        D:3 |      18 |       0 |   0.0 |       4 |       0 |   0.0
            +---------+---------+-------+---------+---------+-------

Illustrated notes

Table legend:
 A = Kills in this place as a percentage of kills in entire the game.
 B = Kills by you in this place as a percentage of kills by you in the entire game.
 C = Kills by friends in this place as a percentage of kills by friends in the entire game.
 D = Other kills in this place as a percentage of other kills in the entire game.
 E = Experience gained in this place as a percentage of experience gained in the entire game.
 F = Experience gained in this place divided by the number of levels of this place that you have seen.
                   A       B       C       D       E      F
               +-------+-------+-------+-------+-------+----------------------
         Total | 100.0 | 100.0 |   N/A |   N/A | 100.0 |  24.8
       Dungeon | 100.0 | 100.0 |   N/A |   N/A | 100.0 |  24.8
               +-------+-------+-------+-------+-------+----------------------

Table legend: (Time is in decaauts)
 A = Elapsed time spent in this place.
 B = Non-inter-level travel time spent in this place.
 C = Inter-level travel time spent in this place.
 D = Time resting spent in this place.
 E = Time spent auto-exploring this place.
 F = Levels seen in this place.
 G = Mean time per level.
                   A        B        C        D        E       F      G
               +--------+--------+--------+--------+--------+-----+--------+
         Total |   3123 |   3032 |     91 |    528 |   2187 |   4 |  780.8 |
       Dungeon |   3123 |   3032 |     91 |    528 |   2187 |   4 |  780.8 |
               +--------+--------+--------+--------+--------+-----+--------+

Top non-repeatable levels by time:
     D:2: 1445 daAuts
     D:1: 1282 daAuts
     D:3: 336 daAuts
     D:4: 59 daAuts
